2597 views
Uploaded 2019-12-07 22:27:43
Game version 1.32.0.3 / 1.32.0.3.1
41:19 long 3on3 ladder game on (8)Mur'gulOasis_LV
Saved by BEARAND
2597 views
Uploaded 2019-12-07 22:27:43
Game version 1.32.0.3 / 1.32.0.3.1
41:19 long 3on3 ladder game on (8)Mur'gulOasis_LV


83 units @ 8.7k
/ 0.5k
250 buildings @ 20.9k
/ 12.1k
BEARAND
(41:18) : 


x1)
| Staff of Sanctuary | 3 | 750 |
| Orb of Fire | 1 | 325 |
| Boots of Speed | 3 | 750 |
| Staff of Teleportation | 3 | 450 |
| Periapt of Vitality | 1 | 325 |
| Tome of Retraining | 1 | 300 |
| Orb of Lightning | 4 | 1500 |
| total: | 16 | 4400g |
| Peasant | 18 | 1350 | / | 0 |
| Priest | 2 | 270 | / | 20 |
| Dragonhawk Rider | 4 | 800 | / | 120 |
| total: | 24 | 2420g | / | 140w |
| Scout Tower | 117 | 3510 | / | 2340 |
| Arcane Tower | 4 | 280 | / | 200 |
| Guard Tower | 44 | 3080 | / | 2200 |
| Altar of Kings | 1 | 180 | / | 50 |
| Farm | 6 | 480 | / | 120 |
| Lumber Mill | 1 | 120 | / | 0 |
| Arcane Vault | 4 | 520 | / | 120 |
| Town Hall | 3 | 1155 | / | 615 |
| Blacksmith | 1 | 140 | / | 60 |
| Barracks | 1 | 160 | / | 60 |
| Arcane Sanctum | 1 | 150 | / | 140 |
| Gryphon Aviary | 1 | 140 | / | 150 |
| Keep | 1 | 320 | / | 210 |
| Castle | 1 | 360 | / | 210 |
| total: | 136 | 6555g | / | 3655w |
| 0:03 | Peasant |
| 0:03 | Peasant |
| 0:07 | Altar of Kings |
| 0:19 | Farm |
| 0:22 | Peasant |
| 0:23 | Peasant |
| 0:38 | Peasant |
| 0:49 | Farm |
| 0:57 | Scout Tower |
| 1:03 | Peasant |
| 1:05 | Lumber Mill |
| 1:07 | Peasant |
| 1:10 | Peasant |
| 1:31 | Scout Tower |
| 1:35 | Peasant |
| 1:36 | Arcane Tower |
| 1:46 | Peasant |
| 1:50 | Scout Tower |
| 1:50 | Peasant |
| 2:06 | Summon Water Elemental |
| 2:17 | Guard Tower |
| 2:18 | Scout Tower |
| 2:22 | Peasant |
| 2:22 | Peasant |
| 2:36 | Peasant |
| 2:36 | Guard Tower |
| 2:39 | Scout Tower |
| 2:39 | Peasant |
| 2:39 | Peasant |
| 3:19 | Guard Tower |
| 3:40 | Keep |
| 4:09 | Guard Tower |
| 4:10 | Scout Tower |
| 4:11 | Scout Tower |
| 4:12 | Scout Tower |
| 4:13 | Farm |
| 4:14 | Farm |
| 4:18 | Brilliance Aura |
| 4:52 | Guard Tower |
| 5:03 | Guard Tower |
| 5:04 | Scout Tower |
| 5:22 | Improved Masonry |
| 5:42 | Guard Tower |
| 5:43 | Scout Tower |
| 5:44 | Scout Tower |
| 5:45 | Scout Tower |
| 5:46 | Scout Tower |
| 5:46 | Scout Tower |
| 5:47 | Scout Tower |
| 5:47 | Scout Tower |
| 6:04 | Arcane Sanctum |
| 6:13 | Boots of Speed |
| 6:13 | Staff of Teleportation |
| 6:29 | Advanced Masonry |
| 6:43 | Guard Tower |
| 6:43 | Guard Tower |
| 6:46 | Improved Lumber Harvesting |
| 6:58 | Storm Bolt |
| 7:14 | Guard Tower |
| 7:17 | Castle |
| 7:38 | Magic Sentry |
| 7:38 | Priest |
| 7:46 | Priest |
| 8:15 | Guard Tower |
| 8:17 | Scout Tower |
| 8:17 | Scout Tower |
| 8:18 | Scout Tower |
| 8:19 | Scout Tower |
| 8:38 | Arcane Vault |
| 8:39 | Arcane Vault |
| 8:46 | Summon Water Elemental |
| 9:01 | Arcane Tower |
| 9:25 | Guard Tower |
| 9:48 | Scout Tower |
| 9:49 | Scout Tower |
| 10:06 | Bash |
| 10:43 | Arcane Tower |
| 10:43 | Guard Tower |
| 10:45 | Scout Tower |
| 10:46 | Scout Tower |
| 10:51 | Farm |
| 10:51 | Farm |
| 11:33 | Imbued Masonry |
| 11:33 | Advanced Lumber Harvesting |
| 11:35 | Guard Tower |
| 11:36 | Guard Tower |
| 11:38 | Arcane Vault |
| 11:39 | Arcane Vault |
| 12:23 | Storm Bolt |
| 12:29 | Holy Light |
| 12:49 | Boots of Speed |
| 12:49 | Staff of Teleportation |
| 12:52 | Periapt of Vitality |
| 13:05 | Guard Tower |
| 13:21 | Brilliance Aura |
| 13:55 | Scout Tower |
| 13:56 | Scout Tower |
| 13:56 | Scout Tower |
| 13:57 | Scout Tower |
| 13:57 | Scout Tower |
| 13:58 | Scout Tower |
| 13:58 | Scout Tower |
| 13:59 | Scout Tower |
| 14:02 | Scout Tower |
| 14:02 | Scout Tower |
| 14:03 | Scout Tower |
| 14:04 | Scout Tower |
| 14:04 | Scout Tower |
| 14:04 | Scout Tower |
| 14:05 | Scout Tower |
| 14:05 | Scout Tower |
| 14:09 | Staff of Sanctuary |
| 14:16 | Orb of Fire |
| 14:25 | Staff of Sanctuary |
| 14:36 | Guard Tower |
| 15:06 | Guard Tower |
| 15:07 | Scout Tower |
| 15:08 | Scout Tower |
| 15:08 | Scout Tower |
| 15:08 | Scout Tower |
| 15:09 | Scout Tower |
| 15:09 | Scout Tower |
| 16:05 | Divine Shield |
| 16:31 | Scout Tower |
| 16:32 | Scout Tower |
| 16:33 | Scout Tower |
| 16:33 | Scout Tower |
| 16:33 | Scout Tower |
| 16:34 | Scout Tower |
| 16:34 | Scout Tower |
| 16:35 | Scout Tower |
| 16:36 | Scout Tower |
| 16:36 | Scout Tower |
| 16:36 | Scout Tower |
| 16:37 | Scout Tower |
| 16:37 | Scout Tower |
| 16:38 | Scout Tower |
| 16:38 | Scout Tower |
| 16:39 | Scout Tower |
| 16:39 | Scout Tower |
| 16:40 | Scout Tower |
| 16:40 | Scout Tower |
| 16:44 | Guard Tower |
| 17:23 | Bash |
| 17:42 | Guard Tower |
| 17:45 | Guard Tower |
| 17:56 | Guard Tower |
| 18:03 | Guard Tower |
| 18:17 | Guard Tower |
| 18:31 | Guard Tower |
| 18:52 | Holy Light |
| 18:58 | Guard Tower |
| 19:15 | Guard Tower |
| 19:25 | Guard Tower |
| 19:33 | Guard Tower |
| 19:41 | Guard Tower |
| 20:04 | Town Hall |
| 20:17 | Scout Tower |
| 20:18 | Scout Tower |
| 20:18 | Scout Tower |
| 21:21 | Brilliance Aura |
| 21:24 | Guard Tower |
| 21:43 | Guard Tower |
| 21:45 | Scout Tower |
| 21:45 | Scout Tower |
| 21:46 | Scout Tower |
| 21:47 | Scout Tower |
| 21:47 | Scout Tower |
| 21:48 | Peasant |
| 21:48 | Peasant |
| 21:52 | Gryphon Aviary |
| 21:53 | Blacksmith |
| 21:54 | Barracks |
| 22:18 | Boots of Speed |
| 22:18 | Staff of Teleportation |
| 22:30 | Staff of Sanctuary |
| 22:39 | Guard Tower |
| 22:49 | Guard Tower |
| 23:54 | Guard Tower |
| 24:31 | Arcane Tower |
| 24:33 | Scout Tower |
| 24:34 | Scout Tower |
| 24:34 | Scout Tower |
| 24:34 | Scout Tower |
| 24:35 | Scout Tower |
| 24:35 | Scout Tower |
| 25:28 | Town Hall |
| 26:16 | Storm Bolt |
| 26:34 | Scout Tower |
| 26:35 | Scout Tower |
| 26:35 | Scout Tower |
| 26:36 | Scout Tower |
| 26:37 | Scout Tower |
| 26:37 | Scout Tower |
| 26:38 | Scout Tower |
| 26:39 | Scout Tower |
| 26:39 | Scout Tower |
| 26:47 | Animal War Training |
| 26:47 | Iron Forged Swords |
| 26:48 | Studded Leather Armor |
| 26:50 | Scout Tower |
| 26:50 | Scout Tower |
| 26:51 | Scout Tower |
| 26:51 | Scout Tower |
| 27:11 | Divine Shield |
| 27:18 | Guard Tower |
| 27:50 | Guard Tower |
| 28:29 | Guard Tower |
| 29:24 | Dragonhawk Rider |
| 29:24 | Dragonhawk Rider |
| 29:24 | Dragonhawk Rider |
| 29:25 | Steel Forged Swords |
| 29:25 | Reinforced Leather Armor |
| 30:01 | Tome of Retraining |
| 30:01 | Retrain Hero |
| 30:02 | Blizzard |
| 30:03 | Brilliance Aura |
| 30:03 | Blizzard |
| 30:04 | Brilliance Aura |
| 30:05 | Brilliance Aura |
| 30:34 | Guard Tower |
| 30:43 | Scout Tower |
| 30:43 | Scout Tower |
| 30:44 | Scout Tower |
| 30:44 | Scout Tower |
| 30:45 | Scout Tower |
| 30:45 | Scout Tower |
| 30:45 | Scout Tower |
| 30:46 | Scout Tower |
| 30:46 | Scout Tower |
| 30:55 | Dragonhawk Rider |
| 31:50 | Guard Tower |
| 31:51 | Scout Tower |
| 31:52 | Scout Tower |
| 31:53 | Scout Tower |
| 31:53 | Scout Tower |
| 31:54 | Scout Tower |
| 31:54 | Scout Tower |
| 31:55 | Scout Tower |
| 31:55 | Scout Tower |
| 31:57 | Scout Tower |
| 31:57 | Scout Tower |
| 31:58 | Scout Tower |
| 31:58 | Scout Tower |
| 31:59 | Scout Tower |
| 31:59 | Scout Tower |
| 31:59 | Scout Tower |
| 32:00 | Scout Tower |
| 32:22 | Guard Tower |
| 32:49 | Guard Tower |
| 33:01 | Orb of Lightning |
| 33:01 | Orb of Lightning |
| 33:09 | Orb of Lightning |
| 33:09 | Orb of Lightning |
| 33:27 | Mass Teleport |
| 33:44 | Guard Tower |
| 33:55 | Avatar |
| 34:05 | Mithril Forged Swords |
| 34:05 | Dragonhide Armor |
| 34:41 | Holy Light |
| 35:05 | Guard Tower |
| 38:36 | Blizzard |
| 38:51 | Divine Shield |
| 38:58 | Bash |
| 40:05 | Town Hall |
| Right click | 3592 |
| Select | 808 |
| Select group | 797 |
| Chat | 461 |
| Build/train/purchase | 224 |
| Use ability | 162 |
| Minimap ping | 56 |
| Assign group | 46 |
| Misc. action | 28 |
| Item give/drop | 4 |
| Resource trade | 4 |
| Remove unit | 1 |


| Rod of Necromancy | 1 | 150 |
| Potion of Healing | 1 | 150 |
| Potion of Mana | 2 | 400 |
| total: | 4 | 700g |
| Acolyte | 7 | 525 | / | 0 |
| Ghoul | 17 | 2040 | / | 0 |
| Crypt Fiend | 7 | 1505 | / | 280 |
| Obsidian Statue | 1 | 200 | / | 35 |
| total: | 32 | 4270g | / | 315w |
| Spirit Tower | 2 | 290 | / | 80 |
| Altar of Darkness | 1 | 180 | / | 50 |
| Crypt | 1 | 200 | / | 50 |
| Ziggurat | 6 | 900 | / | 300 |
| Tomb of Relics | 1 | 130 | / | 30 |
| Graveyard | 2 | 430 | / | 0 |
| Slaughterhouse | 2 | 280 | / | 270 |
| Temple of the Damned | 1 | 155 | / | 140 |
| Halls of the Dead | 1 | 320 | / | 210 |
| Black Citadel | 1 | 325 | / | 230 |
| total: | 14 | 2275g | / | 840w |
| 0:04 | Acolyte |
| 0:08 | Altar of Darkness |
| 0:14 | Crypt |
| 0:28 | Ziggurat |
| 0:53 | Acolyte |
| 0:53 | Acolyte |
| 1:05 | Tomb of Relics |
| 1:22 | Ghoul |
| 1:43 | Ziggurat |
| 1:47 | Ghoul |
| 2:15 | Ghoul |
| 2:25 | Death Coil |
| 2:41 | Graveyard |
| 2:45 | Graveyard |
| 3:38 | Ghoul |
| 3:38 | Ghoul |
| 3:38 | Ghoul |
| 3:43 | Halls of the Dead |
| 4:25 | Creature Attack |
| 4:35 | Crypt Fiend |
| 4:36 | Crypt Fiend |
| 5:14 | Ziggurat |
| 5:31 | Unholy Strength |
| 7:06 | Unholy Aura |
| 7:21 | Ghoul |
| 7:21 | Ghoul |
| 7:21 | Ghoul |
| 7:22 | Ghoul |
| 7:41 | Frost Nova |
| 8:01 | Ziggurat |
| 8:07 | Ziggurat |
| 8:29 | Rod of Necromancy |
| 8:31 | Potion of Healing |
| 8:40 | Potion of Mana |
| 9:01 | Acolyte |
| 9:01 | Acolyte |
| 9:01 | Acolyte |
| 10:02 | Ghoul |
| 10:02 | Ghoul |
| 10:02 | Ghoul |
| 10:02 | Ghoul |
| 10:06 | Death Coil |
| 10:44 | Frost Armor |
| 11:03 | Slaughterhouse |
| 11:15 | Ghoul |
| 11:15 | Ghoul |
| 11:16 | Ghoul |
| 11:25 | Ziggurat |
| 11:30 | Temple of the Damned |
| 11:37 | Acolyte |
| 12:38 | Crypt Fiend |
| 12:38 | Crypt Fiend |
| 12:38 | Crypt Fiend |
| 12:38 | Crypt Fiend |
| 12:39 | Crypt Fiend |
| 13:11 | Spirit Tower |
| 13:13 | Spirit Tower |
| 13:21 | Slaughterhouse |
| 13:23 | Black Citadel |
| 13:28 | Improved Creature Attack |
| 14:36 | Obsidian Statue |
| 14:51 | Creature Carapace |
| 15:23 | Potion of Mana |
| Right click | 648 |
| Select | 288 |
| Build/train/purchase | 62 |
| Chat | 61 |
| Use ability | 23 |
| Misc. action | 6 |
| Minimap ping | 2 |



| Healing Salve | 1 | 100 |
| Orb of Lightning | 1 | 375 |
| Boots of Speed | 3 | 750 |
| Staff of Teleportation | 3 | 450 |
| Circlet of Nobility | 2 | 350 |
| Staff of Sanctuary | 2 | 500 |
| total: | 12 | 2525g |
| Peon | 27 | 2025 | / | 0 |
| total: | 27 | 2025g | / | 0w |
| Watch Tower | 86 | 9460 | / | 6880 |
| Altar of Storms | 2 | 360 | / | 100 |
| Orc Burrow | 3 | 480 | / | 120 |
| War Mill | 1 | 205 | / | 0 |
| Voodoo Lounge | 6 | 780 | / | 180 |
| Great Hall | 2 | 770 | / | 370 |
| Stronghold | 1 | 315 | / | 190 |
| Fortress | 1 | 325 | / | 190 |
| total: | 100 | 12055g | / | 7650w |
| 0:03 | Peon |
| 0:03 | Peon |
| 0:05 | Altar of Storms |
| 0:19 | Orc Burrow |
| 0:27 | Peon |
| 0:42 | Peon |
| 0:50 | War Mill |
| 1:02 | Voodoo Lounge |
| 1:04 | Peon |
| 1:12 | Peon |
| 1:13 | Peon |
| 1:23 | Peon |
| 1:39 | Orc Burrow |
| 1:49 | Peon |
| 2:06 | Wind Walk |
| 2:08 | Watch Tower |
| 2:14 | Healing Salve |
| 2:20 | Peon |
| 2:33 | Peon |
| 2:41 | Watch Tower |
| 3:02 | Watch Tower |
| 3:04 | Peon |
| 3:04 | Peon |
| 3:21 | Peon |
| 3:21 | Peon |
| 3:24 | Watch Tower |
| 4:21 | Critical Strike |
| 4:26 | Stronghold |
| 4:28 | Watch Tower |
| 4:30 | Watch Tower |
| 5:14 | Watch Tower |
| 5:16 | Spiked Barricades |
| 5:27 | Voodoo Lounge |
| 5:41 | Watch Tower |
| 5:45 | Watch Tower |
| 5:54 | Boots of Speed |
| 5:54 | Boots of Speed |
| 5:55 | Staff of Teleportation |
| 6:23 | Watch Tower |
| 6:27 | Watch Tower |
| 6:57 | Watch Tower |
| 6:58 | Watch Tower |
| 7:21 | Voodoo Lounge |
| 7:31 | Watch Tower |
| 7:36 | Watch Tower |
| 7:41 | Watch Tower |
| 7:47 | Hex |
| 8:22 | Watch Tower |
| 8:52 | Watch Tower |
| 8:53 | Watch Tower |
| 8:54 | Watch Tower |
| 9:02 | Voodoo Lounge |
| 9:11 | Orc Burrow |
| 9:26 | Watch Tower |
| 9:29 | Improved Spiked Barricades |
| 9:30 | Reinforced Defenses |
| 9:48 | Fortress |
| 9:57 | Watch Tower |
| 10:00 | Wind Walk |
| 10:09 | Watch Tower |
| 10:36 | Healing Wave |
| 10:57 | Watch Tower |
| 11:15 | Watch Tower |
| 11:17 | Watch Tower |
| 12:19 | Watch Tower |
| 12:37 | Watch Tower |
| 12:39 | Watch Tower |
| 12:43 | Healing Wave |
| 12:58 | Frost Arrows |
| 13:33 | Watch Tower |
| 13:45 | Critical Strike |
| 13:58 | Watch Tower |
| 14:00 | Watch Tower |
| 14:08 | Staff of Sanctuary |
| 14:25 | Boots of Speed |
| 14:26 | Staff of Teleportation |
| 14:26 | Circlet of Nobility |
| 14:40 | Watch Tower |
| 15:04 | Watch Tower |
| 15:46 | Watch Tower |
| 15:57 | Watch Tower |
| 16:03 | Forked Lightning |
| 16:19 | Watch Tower |
| 16:54 | Watch Tower |
| 16:57 | Watch Tower |
| 17:14 | Staff of Teleportation |
| 17:14 | Circlet of Nobility |
| 17:21 | Altar of Storms |
| 17:33 | Watch Tower |
| 18:08 | Staff of Sanctuary |
| 18:18 | Watch Tower |
| 18:26 | Watch Tower |
| 18:41 | Watch Tower |
| 19:39 | Watch Tower |
| 19:41 | Great Hall |
| 19:55 | Watch Tower |
| 19:58 | Watch Tower |
| 19:59 | Watch Tower |
| 20:54 | Watch Tower |
| 21:03 | Watch Tower |
| 21:13 | Watch Tower |
| 21:27 | Peon |
| 21:27 | Peon |
| 21:27 | Peon |
| 22:02 | Watch Tower |
| 22:06 | Watch Tower |
| 22:11 | Watch Tower |
| 22:15 | Watch Tower |
| 22:17 | Peon |
| 22:17 | Peon |
| 22:17 | Peon |
| 22:17 | Peon |
| 22:23 | Orb of Lightning |
| 22:26 | Watch Tower |
| 23:02 | Hex |
| 24:12 | Frost Arrows |
| 24:15 | Watch Tower |
| 24:17 | Watch Tower |
| 24:18 | Watch Tower |
| 24:20 | Voodoo Lounge |
| 24:22 | Watch Tower |
| 25:09 | Critical Strike |
| 25:18 | Watch Tower |
| 25:20 | Voodoo Lounge |
| 25:29 | Watch Tower |
| 25:37 | Watch Tower |
| 26:26 | Watch Tower |
| 26:32 | Watch Tower |
| 26:35 | Watch Tower |
| 26:38 | Watch Tower |
| 27:25 | Watch Tower |
| 28:01 | Forked Lightning |
| 28:35 | Watch Tower |
| 28:39 | Watch Tower |
| 28:47 | Watch Tower |
| 29:53 | Bladestorm |
| 29:57 | Healing Wave |
| 30:05 | Watch Tower |
| 30:06 | Watch Tower |
| 30:45 | Peon |
| 30:51 | Watch Tower |
| 31:08 | Watch Tower |
| 31:09 | Watch Tower |
| 31:54 | Watch Tower |
| 32:00 | Watch Tower |
| 34:23 | Frost Arrows |
| 35:10 | Great Hall |
| 36:03 | Watch Tower |
| 36:40 | Big Bad Voodoo |
| 36:46 | Wind Walk |
| 38:25 | Watch Tower |
| 38:26 | Watch Tower |
| 38:35 | Tornado |
| 38:49 | Peon |
| 38:49 | Peon |
| 38:49 | Peon |
| 39:17 | Watch Tower |
| 39:19 | Peon |
| 39:33 | Watch Tower |
| 39:35 | Watch Tower |
| 40:27 | Watch Tower |
| 40:36 | Watch Tower |
| 40:42 | Watch Tower |
| Right click | 2980 |
| Select | 774 |
| Select group | 671 |
| Misc. action | 381 |
| Build/train/purchase | 129 |
| Use ability | 106 |
| Chat | 75 |
| Item give/drop | 5 |
| Esc | 5 |
| Assign group | 4 |
| Minimap ping | 4 |
192 units @ 25.7k
/ 3.2k
90 buildings @ 12.2k
/ 5.8k

| Lesser Clarity Potion | 1 | 70 |
| Orb of Venom | 1 | 325 |
| Anti-magic Potion | 3 | 300 |
| Potion of Healing | 1 | 150 |
| Scroll of Healing | 1 | 250 |
| Scroll of Town Portal | 2 | 700 |
| Potion of Lesser Invulnerability | 1 | 150 |
| total: | 10 | 1945g |
| Wisp | 55 | 3300 | / | 0 |
| Archer | 8 | 1040 | / | 80 |
| Huntress | 19 | 3705 | / | 380 |
| Chimaera | 7 | 2310 | / | 490 |
| Giant Sea Turtle | 2 | 590 | / | 70 |
| total: | 91 | 10945g | / | 1020w |
| Ancient Protector | 24 | 3240 | / | 1920 |
| Altar of Elders | 1 | 180 | / | 50 |
| Moon Well | 7 | 1260 | / | 280 |
| Ancient of War | 4 | 600 | / | 240 |
| Hunter's Hall | 1 | 210 | / | 100 |
| Ancient of Wonders | 3 | 270 | / | 90 |
| Tree of Life | 3 | 1020 | / | 555 |
| Chimaera Roost | 2 | 280 | / | 380 |
| Tree of Ages | 1 | 320 | / | 180 |
| Tree of Eternity | 1 | 330 | / | 200 |
| total: | 45 | 7060g | / | 3615w |
| 0:05 | Altar of Elders |
| 0:06 | Wisp |
| 0:14 | Moon Well |
| 0:16 | Wisp |
| 0:25 | Ancient of War |
| 0:39 | Wisp |
| 0:47 | Wisp |
| 0:49 | Wisp |
| 0:57 | Wisp |
| 1:23 | Wisp |
| 1:28 | Archer |
| 1:31 | Archer |
| 1:51 | Moon Well |
| 2:28 | Breath of Fire |
| 2:42 | Hunter's Hall |
| 2:45 | Moon Well |
| 2:47 | Wisp |
| 2:47 | Wisp |
| 2:47 | Wisp |
| 3:12 | Archer |
| 3:12 | Archer |
| 3:33 | Wisp |
| 3:33 | Wisp |
| 3:39 | Moon Well |
| 3:48 | Ancient of Wonders |
| 4:00 | Drunken Haze |
| 4:27 | Ancient of War |
| 4:32 | Tree of Ages |
| 4:59 | Huntress |
| 5:02 | Sentinel |
| 5:13 | Strength of the Moon |
| 6:00 | Huntress |
| 6:01 | Huntress |
| 6:20 | Moon Well |
| 6:25 | Lesser Clarity Potion |
| 6:53 | Breath of Fire |
| 7:20 | Moon Well |
| 7:22 | Moon Armor |
| 7:32 | Potion of Lesser Invulnerability |
| 7:33 | Scroll of Healing |
| 7:43 | Huntress |
| 7:45 | Moon Glaive |
| 8:27 | Giant Sea Turtle |
| 8:37 | Improved Strength of the Moon |
| 9:32 | Improved Moon Armor |
| 9:34 | Tree of Eternity |
| 9:58 | Ultravision |
| 10:43 | Huntress |
| 10:44 | Huntress |
| 11:09 | Scroll of Town Portal |
| 12:19 | Drunken Brawler |
| 13:04 | Nature's Blessing |
| 13:05 | Backpack |
| 13:14 | Advanced Strength of the Moon |
| 13:14 | Advanced Moon Armor |
| 13:16 | Huntress |
| 13:17 | Huntress |
| 13:26 | Tree of Life |
| 13:53 | Giant Sea Turtle |
| 14:30 | Moon Well |
| 14:35 | Wisp |
| 14:35 | Wisp |
| 14:35 | Wisp |
| 14:35 | Wisp |
| 14:36 | Wisp |
| 15:02 | Breath of Fire |
| 16:00 | Huntress |
| 16:26 | Ancient Protector |
| 16:32 | Ancient Protector |
| 16:39 | Ancient Protector |
| 16:42 | Ancient Protector |
| 16:46 | Ancient Protector |
| 17:04 | Wisp |
| 17:04 | Wisp |
| 17:04 | Wisp |
| 17:04 | Wisp |
| 17:12 | Huntress |
| 17:33 | Huntress |
| 17:37 | Well Spring |
| 17:41 | Huntress |
| 17:45 | Huntress |
| 18:07 | Tree of Life |
| 18:20 | Scroll of Town Portal |
| 18:31 | Archer |
| 18:33 | Marksmanship |
| 18:36 | Improved Bows |
| 20:31 | Orb of Venom |
| 20:32 | Anti-magic Potion |
| 20:40 | Archer |
| 20:40 | Archer |
| 20:52 | Huntress |
| 20:54 | Huntress |
| 20:58 | Ancient of War |
| 21:00 | Wisp |
| 21:00 | Wisp |
| 21:00 | Wisp |
| 21:06 | Ancient of War |
| 21:08 | Wisp |
| 21:08 | Wisp |
| 21:53 | Ancient of Wonders |
| 22:02 | Chimaera Roost |
| 22:05 | Chimaera Roost |
| 22:14 | Ancient of Wonders |
| 24:33 | Chimaera |
| 24:33 | Chimaera |
| 24:35 | Corrosive Breath |
| 24:38 | Huntress |
| 24:59 | Anti-magic Potion |
| 25:01 | Potion of Healing |
| 25:11 | Anti-magic Potion |
| 25:31 | Wisp |
| 25:31 | Wisp |
| 25:31 | Wisp |
| 25:32 | Wisp |
| 25:32 | Wisp |
| 26:06 | Wisp |
| 26:06 | Wisp |
| 26:06 | Wisp |
| 26:06 | Wisp |
| 26:08 | Wisp |
| 26:24 | Ancient Protector |
| 26:35 | Chimaera |
| 26:37 | Chimaera |
| 26:53 | Ancient Protector |
| 27:28 | Ancient Protector |
| 27:32 | Ancient Protector |
| 27:35 | Ancient Protector |
| 28:08 | Wisp |
| 28:08 | Wisp |
| 28:08 | Wisp |
| 28:09 | Wisp |
| 28:10 | Wisp |
| 28:41 | Ancient Protector |
| 28:43 | Ancient Protector |
| 29:10 | Ancient Protector |
| 29:14 | Ancient Protector |
| 29:54 | Ancient Protector |
| 29:56 | Wisp |
| 29:56 | Wisp |
| 29:56 | Wisp |
| 29:56 | Wisp |
| 30:01 | Wisp |
| 30:02 | Wisp |
| 30:02 | Wisp |
| 30:02 | Wisp |
| 30:03 | Wisp |
| 30:11 | Chimaera |
| 30:24 | Ancient Protector |
| 30:27 | Ancient Protector |
| 30:38 | Ancient Protector |
| 30:47 | Ancient Protector |
| 30:53 | Ancient Protector |
| 31:04 | Ancient Protector |
| 31:27 | Ancient Protector |
| 31:54 | Ancient Protector |
| 32:06 | Archer |
| 35:24 | Wisp |
| 35:25 | Wisp |
| 35:25 | Wisp |
| 35:29 | Wisp |
| 36:06 | Chimaera |
| 36:06 | Chimaera |
| 36:09 | Huntress |
| 36:13 | Huntress |
| 36:37 | Wisp |
| 37:14 | Tree of Life |
| 37:19 | Ancient Protector |
| 38:45 | Huntress |
| Right click | 773 |
| Select | 737 |
| Build/train/purchase | 142 |
| Use ability | 67 |
| Select group | 65 |
| Misc. action | 9 |
| Assign group | 8 |
| Resource trade | 6 |
| Item give/drop | 2 |


| Rod of Necromancy | 1 | 150 |
| Potion of Healing | 2 | 300 |
| Scroll of Town Portal | 1 | 350 |
| Staff of Teleportation | 1 | 150 |
| Potion of Lesser Invulnerability | 1 | 150 |
| total: | 6 | 1100g |
| Acolyte | 17 | 1275 | / | 0 |
| Ghoul | 9 | 1080 | / | 0 |
| Abomination | 9 | 2160 | / | 630 |
| Necromancer | 12 | 1740 | / | 240 |
| Meat Wagon | 7 | 1610 | / | 350 |
| Obsidian Statue | 2 | 400 | / | 70 |
| total: | 56 | 8265g | / | 1290w |
| Spirit Tower | 3 | 435 | / | 120 |
| Altar of Darkness | 1 | 180 | / | 50 |
| Ziggurat | 6 | 900 | / | 300 |
| Crypt | 1 | 200 | / | 50 |
| Tomb of Relics | 1 | 130 | / | 30 |
| Graveyard | 1 | 215 | / | 0 |
| Necropolis | 1 | 225 | / | 0 |
| Temple of the Damned | 2 | 310 | / | 280 |
| Slaughterhouse | 1 | 140 | / | 135 |
| Halls of the Dead | 1 | 320 | / | 210 |
| Black Citadel | 1 | 325 | / | 230 |
| total: | 14 | 2300g | / | 845w |
| 0:04 | Acolyte |
| 0:18 | Altar of Darkness |
| 0:22 | Ziggurat |
| 0:24 | Crypt |
| 0:36 | Acolyte |
| 0:56 | Tomb of Relics |
| 1:27 | Ghoul |
| 1:27 | Ghoul |
| 1:49 | Ghoul |
| 2:19 | Rod of Necromancy |
| 2:25 | Vampiric Aura |
| 2:31 | Ghoul |
| 2:36 | Halls of the Dead |
| 2:58 | Ziggurat |
| 3:49 | Ghoul |
| 3:49 | Ghoul |
| 3:49 | Ghoul |
| 4:05 | Sleep |
| 4:11 | Ghoul |
| 4:53 | Ghoul |
| 4:57 | Ziggurat |
| 4:59 | Ziggurat |
| 5:39 | Black Citadel |
| 5:46 | Graveyard |
| 7:09 | Temple of the Damned |
| 7:10 | Temple of the Damned |
| 7:11 | Slaughterhouse |
| 7:14 | Unholy Strength |
| 8:19 | Death Coil |
| 8:25 | Abomination |
| 8:28 | Necromancer Adept Training |
| 8:28 | Skeletal Mastery |
| 8:32 | Sleep |
| 8:50 | Abomination |
| 8:51 | Disease Cloud |
| 8:55 | Ziggurat |
| 8:56 | Ziggurat |
| 9:14 | Necromancer Master Training |
| 9:17 | Necromancer |
| 9:17 | Necromancer |
| 9:55 | Abomination |
| 9:57 | Necromancer |
| 10:43 | Abomination |
| 10:45 | Improved Unholy Strength |
| 11:04 | Acolyte |
| 11:13 | Abomination |
| 11:34 | Scroll of Town Portal |
| 12:04 | Necromancer |
| 12:37 | Unholy Aura |
| 13:06 | Necropolis |
| 13:34 | Acolyte |
| 14:01 | Vampiric Aura |
| 14:04 | Death Coil |
| 14:12 | Advanced Unholy Strength |
| 14:14 | Abomination |
| 15:21 | Acolyte |
| 15:21 | Acolyte |
| 15:28 | Necromancer |
| 15:28 | Necromancer |
| 16:23 | Unholy Aura |
| 16:54 | Acolyte |
| 17:02 | Necromancer |
| 17:02 | Necromancer |
| 17:02 | Necromancer |
| 17:15 | Sleep |
| 17:45 | Spirit Tower |
| 18:10 | Spirit Tower |
| 19:42 | Meat Wagon |
| 19:42 | Meat Wagon |
| 19:42 | Meat Wagon |
| 21:51 | Unholy Armor |
| 22:07 | Acolyte |
| 22:07 | Acolyte |
| 22:07 | Acolyte |
| 22:09 | Acolyte |
| 23:25 | Obsidian Statue |
| 23:25 | Obsidian Statue |
| 23:56 | Potion of Healing |
| 23:59 | Potion of Healing |
| 24:07 | Meat Wagon |
| 25:11 | Abomination |
| 25:11 | Abomination |
| 25:11 | Abomination |
| 27:10 | Meat Wagon |
| 27:33 | Necromancer |
| 28:19 | Necromancer |
| 28:34 | Necromancer |
| 30:41 | Meat Wagon |
| 30:42 | Meat Wagon |
| 31:16 | Acolyte |
| 32:07 | Acolyte |
| 32:07 | Acolyte |
| 32:08 | Acolyte |
| 38:41 | Acolyte |
| 38:47 | Acolyte |
| 39:13 | Staff of Teleportation |
| 39:27 | Potion of Lesser Invulnerability |
| Right click | 1297 |
| Select | 670 |
| Build/train/purchase | 152 |
| Misc. action | 141 |
| Use ability | 82 |
| Select group | 60 |
| Assign group | 29 |
| Chat | 11 |
| Item give/drop | 3 |
| Minimap ping | 3 |
| Esc | 2 |

| Scroll of Healing | 1 | 250 |
| total: | 1 | 250g |
| Peasant | 15 | 1125 | / | 0 |
| Footman | 9 | 1215 | / | 0 |
| Rifleman | 4 | 820 | / | 120 |
| Knight | 7 | 1715 | / | 420 |
| Priest | 3 | 405 | / | 30 |
| Sorceress | 3 | 465 | / | 60 |
| Mortar Team | 4 | 720 | / | 280 |
| total: | 45 | 6465g | / | 910w |
| Scout Tower | 10 | 300 | / | 200 |
| Guard Tower | 5 | 350 | / | 250 |
| Arcane Tower | 2 | 140 | / | 100 |
| Altar of Kings | 1 | 180 | / | 50 |
| Farm | 12 | 960 | / | 240 |
| Barracks | 2 | 320 | / | 120 |
| Lumber Mill | 1 | 120 | / | 0 |
| Blacksmith | 1 | 140 | / | 60 |
| Town Hall | 1 | 385 | / | 205 |
| Cannon Tower | 2 | 240 | / | 200 |
| Arcane Sanctum | 1 | 150 | / | 140 |
| Workshop | 2 | 280 | / | 280 |
| Keep | 1 | 320 | / | 210 |
| Castle | 1 | 360 | / | 210 |
| total: | 31 | 2835g | / | 1295w |
| 0:07 | Altar of Kings |
| 0:11 | Farm |
| 0:14 | Peasant |
| 0:14 | Peasant |
| 0:50 | Barracks |
| 0:56 | Farm |
| 0:59 | Peasant |
| 0:59 | Peasant |
| 1:33 | Peasant |
| 1:33 | Peasant |
| 1:49 | Farm |
| 1:57 | Footman |
| 2:05 | Lumber Mill |
| 2:18 | Peasant |
| 2:21 | Footman |
| 2:25 | Summon Water Elemental |
| 2:45 | Scout Tower |
| 2:49 | Footman |
| 2:57 | Blacksmith |
| 3:12 | Footman |
| 3:19 | Farm |
| 3:22 | Guard Tower |
| 3:41 | Footman |
| 3:58 | Footman |
| 4:17 | Scout Tower |
| 4:20 | Footman |
| 4:22 | Iron Forged Swords |
| 5:03 | Brilliance Aura |
| 5:10 | Guard Tower |
| 5:14 | Farm |
| 5:19 | Rifleman |
| 5:24 | Keep |
| 5:27 | Iron Plating |
| 5:58 | Rifleman |
| 6:10 | Scout Tower |
| 6:19 | Improved Masonry |
| 6:29 | Rifleman |
| 6:48 | Farm |
| 6:50 | Guard Tower |
| 7:53 | Summon Water Elemental |
| 7:57 | Scroll of Healing |
| 8:12 | Castle |
| 8:15 | Improved Lumber Harvesting |
| 8:20 | Arcane Sanctum |
| 8:29 | Barracks |
| 8:33 | Footman |
| 9:04 | Footman |
| 9:14 | Steel Forged Swords |
| 9:38 | Priest Adept Training |
| 9:49 | Rifleman |
| 9:56 | Farm |
| 10:06 | Scout Tower |
| 10:39 | Scout Tower |
| 10:41 | Arcane Tower |
| 10:49 | Animal War Training |
| 11:06 | Farm |
| 11:13 | Arcane Tower |
| 12:07 | Sorceress Adept Training |
| 12:16 | Knight |
| 12:20 | Farm |
| 12:53 | Brilliance Aura |
| 13:23 | Farm |
| 13:29 | Knight |
| 13:36 | Priest |
| 13:37 | Sorceress |
| 14:11 | Farm |
| 14:41 | Priest |
| 14:42 | Sorceress |
| 14:44 | Knight |
| 16:08 | Mithril Forged Swords |
| 17:19 | Sorceress Master Training |
| 17:46 | Sundering Blades |
| 17:59 | Knight |
| 18:35 | Steel Plating |
| 18:40 | Sorceress |
| 19:16 | Priest Master Training |
| 19:19 | Scout Tower |
| 19:33 | Peasant |
| 20:04 | Workshop |
| 20:07 | Workshop |
| 20:20 | Guard Tower |
| 20:27 | Farm |
| 20:58 | Mortar Team |
| 21:12 | Peasant |
| 21:14 | Peasant |
| 21:14 | Peasant |
| 21:20 | Scout Tower |
| 21:24 | Mortar Team |
| 22:04 | Fragmentation Shards |
| 22:22 | Guard Tower |
| 22:28 | Scout Tower |
| 22:43 | Scout Tower |
| 23:28 | Mortar Team |
| 23:29 | Mortar Team |
| 23:36 | Cannon Tower |
| 23:37 | Cannon Tower |
| 24:13 | Summon Water Elemental |
| 25:54 | Black Gunpowder |
| 26:16 | Town Hall |
| 30:03 | Peasant |
| 30:03 | Peasant |
| 30:05 | Peasant |
| 30:34 | Knight |
| 30:39 | Knight |
| 30:48 | Refined Gunpowder |
| 30:55 | Scout Tower |
| 31:22 | Knight |
| 31:29 | Peasant |
| 32:41 | Priest |
| Right click | 717 |
| Select | 329 |
| Chat | 145 |
| Build/train/purchase | 91 |
| Use ability | 5 |
| Remove unit | 1 |
⇛